AoeStats
← Cappuccino Assassino

Arabia

503524357Analyzed
2v2 RM · 29d ago on Sep 1, 2026· 61m 54s· 4 players
Game mode
Random Map
Map size
Medium (4 player)
Population
200
Speed
Normal
Resources
Standard
Victory
Conquest
Starting age
Dark Age
Ending age
Imperial Age
RankedLock teamsTeams togetherTeam positionsShared explorationLock speedFull tech treeHidden civsTurbo modeCheats
Victory
Defeat
🇵🇪 Turks · Peru
1231
+13
🇵🇪 Hindustanis · Peru
1053
+21
🇨🇱 Bulgarians · Chile
1176
-18
🇨🇱 Berbers · Chile
1132
-16
AAM peacemaker
2:37 Loom
11:10 Feudal Age
15:47 Castle Age
14:23 Double-Bit Axe
14:47 Gold Mining
14:39 Horse Collar
17:51 Bow Saw
20:44 Forging
22:00 Fervor
22:32 Sanctity
26:13 Wheelbarrow
27:09 Scale Barding Armor
28:23 Bloodlines
28:14 Husbandry
29:50 Pikeman
34:51 Hand Cart
34:21 Town Watch
35:01 Squires
38:20 Imperial Age
38:25 Iron Casting
38:10 Chain Barding Armor
37:52 Fletching
37:59 Arson
38:34 Murder Holes
39:00 Ballistics
41:04 Grand Trunk Road
41:27 Conscription
41:47 Hoardings
41:22 Heavy Camel Rider
43:06 Blast Furnace
43:57 Chemistry
43:03 Scale Mail Armor
43:40 Coinage
44:29 Two-Man Saw
43:32 Heavy Plow
45:14 Town Patrol
45:42 Bodkin Arrow
45:48 Padded Archer Armor
46:03 Chain Mail Armor
46:24 Plate Barding Armor
45:58 Thumb Ring
45:13 Elite Skirmisher
45:14 Crossbowman
45:25 Light Cavalry
46:40 Bracer
47:14 Banking
46:21 Hussar
47:43 Leather Archer Armor
49:09 Imperial Camel Rider
51:02 Gold Shaft Mining
50:18 Stone Mining
51:20 Ring Archer Armor
50:46 Man-at-Arms
53:10 Stone Shaft Mining
52:52 Shatagni
53:51 Long Swordsman
theblademaster
6:49 Loom
9:12 Feudal Age
18:16 Double-Bit Axe
22:02 Castle Age
20:29 Horse Collar
21:43 Forging
22:56 Bloodlines
23:23 Husbandry
24:00 Scale Barding Armor
26:12 Wheelbarrow
25:26 Town Watch
26:55 Chain Barding Armor
27:06 Heavy Plow
29:58 Bow Saw
29:50 Gold Mining
32:02 Iron Casting
33:30 Hand Cart
38:22 Imperial Age
37:51 Gold Shaft Mining
39:45 Plate Barding Armor
40:12 Blast Furnace
39:05 Heavy Camel Rider
45:10 Ballistics
44:43 Fletching
52:33 Conscription
56:44 Bodkin Arrow
61:40 Stone Mining
62:17 Conscription
63:31 Two-Man Saw
Belzebu
6:34 Loom
9:55 Feudal Age
11:57 Double-Bit Axe
21:33 Castle Age
20:14 Forging
20:12 Scale Barding Armor
20:31 Gold Mining
20:31 Horse Collar
21:43 Wheelbarrow
23:15 Iron Casting
23:06 Chain Barding Armor
23:26 Gold Shaft Mining
23:07 Heavy Plow
23:25 Bloodlines
23:50 Scale Mail Armor
25:03 Fletching
26:44 Stone Mining
29:07 Chain Mail Armor
29:12 Town Watch
32:32 Hand Cart
36:14 Husbandry
42:16 Bodkin Arrow
42:44 Squires
45:51 Imperial Age
44:36 Bow Saw
45:46 Pikeman
47:44 Blast Furnace
47:18 Plate Mail Armor
46:57 Elite Konnik
49:21 Stirrups
49:47 Conscription
50:07 Light Cavalry
51:28 Plate Barding Armor
51:51 Cavalier
51:59 Hussar
57:44 Bracer
Cappuccino Assassino
4:44 Loom
10:13 Feudal Age
10:22 Loom
19:32 Castle Age
17:45 Double-Bit Axe
18:07 Horse Collar
18:53 Fletching
21:26 Gold Mining
23:06 Forging
26:26 Husbandry
28:31 Iron Casting
30:37 Scale Barding Armor
35:00 Imperial Age
33:49 Bloodlines
34:53 Heavy Plow
35:29 Chain Barding Armor
35:47 Heavy Camel Rider
37:05 Plate Barding Armor
39:03 Blast Furnace
38:13 Bodkin Arrow
38:41 Ballistics
37:46 Light Cavalry
39:08 Crop Rotation
42:35 Bow Saw
42:55 Bracer
42:56 Padded Archer Armor
43:58 Chemistry
43:34 Thumb Ring
44:49 Leather Archer Armor
45:15 Conscription
44:58 Kasbah
44:39 Pikeman
45:20 Squires
45:22 Scale Mail Armor
45:53 Ring Archer Armor
46:13 Wheelbarrow
45:24 Town Watch
49:11 Chain Mail Armor
53:28 Hand Cart
Connection lost

Rejoining the realm…

Still unreachable

The connection could not be restored.

Session expired

The server has moved on; the page needs a fresh start.